 Dungeon Crawl Stone Soup version 0.30-a0-165-g1891117ce2 (webtiles) character file.

Game seed: 16485674060243327343

359 qw the Chopper (level 6, -6/38 HPs)
             Began as a Gargoyle Fighter on Sept 28, 2022.
             Killed from afar by an orc wizard (10 damage)
             ... with a magic dart
             ... on level 4 of the Dungeon.
             The game lasted 00:01:35 (3668 turns).

qw the Chopper (Gargoyle Fighter)                   Turns: 3668, Time: 00:01:35

Health: -6/38      AC: 14    Str: 22    XL:     6   Next: 65%
Magic:  6/6        EV:  9    Int:  8    God:
Gold:   208        SH:  4    Dex:  9    Spells: 5/5 levels left

rFire   . . .      SeeInvis .    Y - +0 war axe
rCold   . . .      Faith    .    c - +0 buckler
rNeg    + . .      Spirit   .    b - +0 scale mail
rPois   inf        Reflect  .    (no helmet)
rElec   +          Harm     .    (no cloak)
rCorr   .          Rampage  .    (no gloves)
Will    .....                    g - +2 pair of boots {Stlth+}
Stlth   +.........               (no amulet)
HPRegen 0.12/turn                (no ring)
MPRegen 0.10/turn                (no ring)

@: no status effects
A: sickness immunity, AC +4, negative energy resistance 1, electricity
resistance, torment resistance 1, petrification resistance
a: no special abilities


You were on level 4 of the Dungeon.
You visited 1 branch of the dungeon, and saw 4 of its levels.

You collected 208 gold pieces.


Innate Abilities, Weirdness & Mutations

You are immune to sickness and miasma.
Your stone body is resilient. (AC +4)
You are immune to poison.
You resist negative energy. (rN+)
You are resistant to electric shocks. (rElec)
You are resistant to unholy torment.
You are immune to petrification.


   Skills:
 - Level 4.1 Fighting
 + Level 5.6 Axes
 - Level 3.2 Armour
 - Level 1.0 Dodging
 - Level 3.2 Shields


You had 5 spell levels left.
You didn't know any spells.
Your spell library was empty.

Inventory:

Hand Weapons
 e - a +2 flail of holy wrath
 Y - a +0 war axe (weapon)
Armour
 b - a +0 scale mail (worn)
 c - a +0 buckler (worn)
 g - a +2 pair of boots of stealth (worn)
 o - the +0 robe "Isyst" {Drain Fly rN+++ rCorr}
   (You found it on level 3 of the Dungeon)

   rN:        It renders you almost immune to negative energy.
   Fly:       It grants you flight.
   rCorr:     It protects you from acid and corrosion.
   Drain:     It drains your maximum health when unequipped.
 p - a +0 helmet
Scrolls
 a - 2 scrolls of identify
 h - a scroll of vulnerability {unknown}
 i - 4 scrolls of teleportation
Potions
 d - 2 potions of might
 f - a potion of brilliance {unknown}
 j - a potion of haste
 k - a potion of mutation
 l - a potion of cancellation {unknown}
 m - a potion of curing {unknown}
 n - a potion of lignification {unknown}

Dungeon Overview and Level Annotations

Branches:
Dungeon (4/15)
 Temple: D:4-7

Altars:
Makhleb

Annotations:
D:3 3 runed translucent doors, qw's ghost, amateur GrFi


Message History

You slash something!
You hear some strange, mumbled words.
A puff of flame appears from out of thin air!
The puff of flame hits you but does no damage.
You miss something.
Something hits you but does no damage. x2
You hit something but do no damage. You block something's attack.
You hit something.
You hear some strange, mumbled words.
A puff of flame appears from out of thin air!
The puff of flame hits you.
You barely miss something. You block something's attack.
You miss something. Something hits you but does no damage.
You miss something.
You hear some strange, mumbled words.
Something tries to affect you, but you resist.
You hear some strange, mumbled words.
A magic dart appears from out of thin air!
The magic dart hits you.
You closely miss something. Something hits you but does no damage.
You miss something.
You hear some strange, mumbled words.
A magic dart appears from out of thin air!
The magic dart hits you.
You closely miss something.
You hear some strange, mumbled words.
A puff of flame appears from out of thin air!
The puff of flame hits you!
You hear some strange, mumbled words.
A magic dart appears from out of thin air!
The magic dart hits you.
You closely miss something.
You hear some strange, mumbled words.
A magic dart appears from out of thin air!
The magic dart hits you!
You die...

###..# .. #....## .####
##. ##...... .....##..
##....... ......#..
#...>.... .......$#
##........ .....?..##
###.........
......)).####...........
......)@..#.............
......{).....#####......
............## ####...
..........### ###
........### ......###
....#. #.#### ####


There were no monsters in sight!

Vanquished Creatures
  A black bear (D:4)
  2 hounds (D:4)
  Robin (D:4)
  4 gnolls (D:4)
  3 adders (D:2)
  2 dart slugs (D:2)
  11 orcs
  13 ball pythons
  3 bats
  4 endoplasms
  5 giant cockroaches
  12 goblins
  14 hobgoblins
  8 jackals (D:4)
  9 kobolds
  6 quokkas
  4 frilled lizards
  9 rats
111 creatures vanquished.

Vanquished Creatures (others)
  9 plants (D:3)
9 creatures vanquished.

Grand Total: 120 creatures vanquished

Notes
Turn   | Place    | Note
-------+----------+-------------------------------------------
     0 | D:1      | qw the Gargoyle Fighter began the quest for the Orb.
     0 | D:1      | Reached XP level 1. HP: 14/14 MP: 1/1
     0 | D:1      | 0 ||| qw: Version: 0.2-a-12-gaebbb33
     0 | D:1      | 0 ||| qw: Game counter: 856
     0 | D:1      | 0 ||| qw: Always use a shield: true
     0 | D:1      | 0 ||| qw: God list: Okawaru
     0 | D:1      | 0 ||| qw: Allow faded altars: false
     0 | D:1      | 0 ||| qw: Do Orc after D:15 true
     0 | D:1      | 0 ||| qw: Do second Lair branch before Depths: true
     0 | D:1      | 0 ||| qw: Lair rune preference: random
     0 | D:1      | 0 ||| qw: Plans: Normal, Zot:1-4, God:TSO, Crypt, Tomb,
                  | Pan, Slime:5, Hells, Abyss, Orb
     0 | D:1      | 0 ||| PLANNING D:1-11
    33 | D:1      | Reached skill level 2 in Axes
   135 | D:1      | Reached XP level 2. HP: 19/19 MP: 2/2
   181 | D:1      | 181 ||| Stepping ~*~*~tactically~*~*~ (stealth).
   323 | D:1      | 323 ||| Stepping ~*~*~tactically~*~*~ (stealth).
   325 | D:1      | 325 ||| Stepping ~*~*~tactically~*~*~ (stealth).
   331 | D:1      | Reached skill level 3 in Axes
   400 | D:1      | Reached XP level 3. HP: 23/23 MP: 3/3
   428 | D:1      | 428 ||| Stepping ~*~*~tactically~*~*~ (stealth).
   639 | D:1      | Found a faded altar of an unknown god.
   854 | D:1      | 854 ||| READING 4 scrolls labelled PYILOY LYUKI.
   855 | D:1      | 855 ||| READING scroll labelled AMUIR CEAVVUN.
   856 | D:1      | 856 ||| READING scroll labelled LYPSUC ZUJOPN.
   860 | D:1      | 860 ||| READING 3 scrolls of identify.
   860 | D:1      | 860 ||| IDENTIFYING fizzy orange potion
   861 | D:1      | 861 ||| READING 2 scrolls of identify.
   861 | D:1      | 861 ||| IDENTIFYING murky purple potion
   862 | D:1      | 862 ||| DROPPING potion of invisibility.
   952 | D:2      | 952 ||| Stepping ~*~*~tactically~*~*~ (stealth).
   962 | D:2      | 962 ||| Stepping ~*~*~tactically~*~*~ (stealth).
  1304 | D:2      | Reached XP level 4. HP: 28/28 MP: 4/4
  1342 | D:2      | Found a burning altar of Makhleb.
  1348 | D:2      | 1348 ||| Stepping ~*~*~tactically~*~*~ (hiding).
  1443 | D:2      | Reached skill level 4 in Axes
  1485 | D:2      | 1485 ||| Stepping ~*~*~tactically~*~*~ (stealth).
  1548 | D:2      | 1548 ||| Stepping ~*~*~tactically~*~*~ (stealth).
  1561 | D:2      | 1561 ||| DROPPING +0 club.
  1885 | D:2      | 1885 ||| STAIRDANCE
  1889 | D:1      | 1889 ||| READING scroll labelled LISHRI EGENK.
  1890 | D:1      | 1890 ||| DRINKING 2 cyan potions.
  1891 | D:1      | 1891 ||| READING 3 scrolls of identify.
  1891 | D:1      | 1891 ||| IDENTIFYING bubbling inky potion
  1892 | D:1      | 1892 ||| READING 2 scrolls of identify.
  1892 | D:1      | 1892 ||| IDENTIFYING amethyst potion
  1893 | D:1      | 1893 ||| DROPPING potion of degeneration.
  2209 | D:3      | 2209 ||| Stepping ~*~*~tactically~*~*~ (stealth).
  2272 | D:3      | 2272 ||| Stepping ~*~*~tactically~*~*~ (stealth).
  2274 | D:3      | 2274 ||| Stepping ~*~*~tactically~*~*~ (stealth).
  2286 | D:3      | Reached XP level 5. HP: 27/32 MP: 5/5
  2336 | D:3      | 2336 ||| DROPPING +0 mace.
  2820 | D:3      | Found a runed translucent gate.
  2821 | D:3      | Found a runed translucent gate.
  2822 | D:3      | Found a runed translucent gate.
  2823 | D:3      | Identified the +0 robe "Isyst" {Drain Fly rN+++ rCorr}
  2827 | D:3      | Noticed qw's ghost (amateur GrFi)
  2846 | D:3      | 2846 ||| READING scroll labelled SYILYO GOTS.
  2846 | D:3      | Identified a scroll of acquirement
  2846 | D:3      | 2846 ||| ACQUIRING +2 pair of boots of stealth
  2846 | D:3      | Acquired a +2 pair of boots of stealth
  2848 | D:3      | 2848 ||| UPGRADING to +2 pair of boots of stealth.
  2885 | D:4      | 2885 ||| Stepping ~*~*~tactically~*~*~ (stealth).
  2888 | D:4      | Noticed a black bear
  2907 | D:4      | Killed a black bear
  2908 | D:4      | Reached skill level 5 in Axes
  3030 | D:4      | Reached XP level 6. HP: 27/38 MP: 6/6
  3051 | D:4      | HP: 4/38 [gnoll/+2 flail of holy wrath (6)]
  3052 | D:4      | 3052 ||| READING 5 scrolls of teleportation.
  3052 | D:4      | HP: 1/38 [gnoll/+2 flail of holy wrath (3)]
  3053 | D:4      | 3053 ||| DRINKING potion of heal wounds.
  3220 | D:4      | 3220 ||| DROPPING +0 flail.
  3418 | D:4      | Noticed Robin
  3419 | D:4      | 3419 ||| Stepping ~*~*~tactically~*~*~ (stealth).
  3424 | D:4      | 3424 ||| Stepping ~*~*~tactically~*~*~ (stealth).
  3425 | D:4      | 3425 ||| Stepping ~*~*~tactically~*~*~ (stealth).
  3432 | D:4      | 3432 ||| Stepping ~*~*~tactically~*~*~ (hiding).
  3453 | D:4      | Killed Robin
  3454 | D:4      | Reached skill level 1 in Dodging
  3633 | D:4      | 3633 ||| Stepping ~*~*~tactically~*~*~ (stealth).
  3667 | D:4      | HP: 5/38 [something/puff of flame (12)]
  3668 | D:4      | Killed from afar by an orc wizard

Levels and vault maps discovered:
D:1:      psy_arrival_statuary, layout_basic, ebering_ecumenical_altar_mist,
          minmay_misc_feat_square, minmay_misc_feat_alley
D:2:      layout_loops_corners, basic_altar, minmay_tetromino_t4
D:3:      layout_basic, biasface_ghost_orc_armoury, chequers_garden,
          minmay_door_square, kennysheep_boxes
D:4:      layout_cave_pods, cheibrodos_gnoll_hut, uniq_crazy_yiuf_cottage,
          uniq_robin

Skill      XL: |  1  2  3  4  5  6 |
---------------+-------------------+-----
Axes           | 2 3 4 5 |  5.6
Fighting       | 4 |  4.1
Dodging        | 1 |  1.0
Armour         | |  3.2
Shields        | |  3.2

Action                   |  1- 3 |  4- 6 || total
-------------------------+-------+-------++-------
Melee: War axe           |   113 |   247 ||   360
Throw: Boomerang         |       |    18 ||    18
  Use: Scroll            |     5 |     5 ||    10
       Potion            |       |     2 ||     2
Armor: Scale mail        |    64 |   147 ||   211
Dodge: Dodged            |    45 |   114 ||   159
Block: Buckler           |    19 |    49 ||    68

Table legend:
 A = Non-vault XP
 B = Vault XP
 C = Vault XP percentage of total XP
 D = Non-vault monster count
 E = Vault monster count
 F = Vault count percentage of total count
                 A         B        C        D         E       F
            +---------+---------+-------+---------+---------+-------
      Total |     377 |     136 |  26.5 |      95 |      16 |  14.4
            +---------+---------+-------+---------+---------+-------
        D:1 |      47 |       0 |   0.0 |      26 |       0 |   0.0
        D:2 |      88 |       5 |   5.4 |      28 |       3 |   9.7
        D:3 |      33 |       0 |   0.0 |      16 |       0 |   0.0
        D:4 |     209 |     131 |  38.5 |      25 |      13 |  34.2
            +---------+---------+-------+---------+---------+-------
